 Dungeon Crawl Stone Soup version 0.28-a0-1435-g82390b3a13 (webtiles) character file.

Game seed: 12346887015072410235

109 Lekart the Skirmisher (level 4, -1/40 HPs)
             Began as a Draconian Fighter on Jan 9, 2022.
             Slain by Grinder (7 damage)
             ... on level 3 of the Dungeon.
             The game lasted 00:01:17 (1493 turns).

Lekart the Skirmisher (Draconian Fighter)           Turns: 1493, Time: 00:01:18

Health: -1/40      AC:  5    Str: 18    XL:     4   Next: 59%
Magic:  4/4        EV: 12    Int:  8    God:
Gold:   42         SH:  5    Dex: 13    Spells: 3/3 levels left

rFire   . . .      SeeInvis .   a - +0 long sword
rCold   . . .      Faith    .   b - +0 buckler
rNeg    . . .      Spirit   .   (armour unavailable)
rPois   .          Reflect  .   (helmet restricted)
rElec   .          Harm     .   (no cloak)
rCorr   .          Rampage  .   (no gloves)
Will    .....                   (no boots)
Stlth   +.........              (no amulet)
HPRegen 0.13/turn               (no ring)
MPRegen 0.09/turn               (no ring)

@: no status effects
A: AC +5, unfitting armour, cold-blooded
a: no special abilities


You were on level 3 of the Dungeon.
You visited 1 branch of the dungeon, and saw 3 of its levels.

You collected 42 gold pieces.

Inventory:

Hand Weapons
 a - a +0 long sword (weapon)
Armour
 b - a +0 buckler (worn)
Scrolls
 e - a scroll of enchant armour {unknown}
 f - a scroll of immolation {unknown}
 h - a scroll of magic mapping {unknown}
 i - a scroll of identify {unknown}
 l - a scroll of teleportation {unknown}
 m - a scroll of blinking {unknown}
Potions
 c - a potion of might
 d - a potion of flight {unknown}
 g - a potion of lignification {unknown}
 j - a potion of mutation {unknown}
 k - a potion of resistance {unknown}


   Skills:
 * Level 4.2 Fighting
 + Level 3.1 Long Blades
 + Level 3.2 Dodging
 + Level 3.5 Shields


You had 3 spell levels left.
You didn't know any spells.
Your spell library contained the following spells:

 Spells                   Type           Power      Damage    Failure   Level
 Sandblast                Erth           0%         2d4       50%         1
 Passwall                 Tmut/Erth      0%         N/A       65%         2
 Stone Arrow              Conj/Erth      0%         3d7       86%         3


Dungeon Overview and Level Annotations

Branches:
Dungeon (3/15)

Altars:
Elyvilon

Shops:
D:1 *

Annotations:
D:3 Grinder


Innate Abilities, Weirdness & Mutations

Your plain brown scales are hard. (AC +5)
You cannot fit into any form of body armour.
You are cold-blooded and may be slowed by cold attacks.


Message History

You tail-slap Grinder, but do no damage.
Grinder is heavily wounded.
Grinder closely misses you.
You hit Grinder.
Grinder is heavily wounded.
Grinder gestures at you.
You barely resist. You barely miss Grinder.
Grinder is heavily wounded.
You block Grinder's attack.
You hit Grinder.
Grinder is severely wounded.
Grinder hits you but does no damage. Grinder hits you!
You writhe in agony.
Unknown command.
You are too injured to fight recklessly!
You are too injured to fight recklessly!
You are too injured to fight recklessly!
You closely miss Grinder.
Grinder is severely wounded.
You block Grinder's attack.
You closely miss Grinder.
Your tail-slap misses Grinder.
Grinder is severely wounded.
Grinder barely misses you.
You hit Grinder.
Grinder is severely wounded.
Grinder misses you. Grinder hits you!
* * * LOW HITPOINT WARNING * * *
You closely miss Grinder.
Your tail-slap misses Grinder.
Grinder is severely wounded.
You block Grinder's attack.
You hit Grinder.
Grinder is almost dead.
Grinder hits you.
* * * LOW HITPOINT WARNING * * *
You writhe in agony.
* * * LOW HITPOINT WARNING * * *
You closely miss Grinder.
Grinder is almost dead.
You block Grinder's attack. Grinder hits you!
You die...

+## #.. #..###
##+###+..+.#
+...+.#..#.#
#...#.#..#.#
#._.#.+##'.######## #
#..5#.#..#......... #
+.@.+.#..##........ #
+###'###').+.........
###
#.......#.[#.........
..##
#.......#..##........
#..#
###+###+###+####.....>..
##.### #...# ....#
#........ ##...#####..##
...## #........
####.....##..## #..<.
#......†. #
#####.).#..##..##.
##...####


You could see Grinder.

Vanquished Creatures
  A water moccasin skeleton (D:3)
  3 adders (D:2)
  2 endoplasms
  3 hobgoblins
  4 jackals (D:2)
  3 kobolds
  2 quokkas (D:1)
  2 ball pythons
  2 bats
  4 frilled lizards
  2 goblins
  5 rats
33 creatures vanquished.

Notes
Turn   | Place    | Note
-------+----------+-------------------------------------------
     0 | D:1      | Lekart the Draconian Fighter began the quest for the Orb.
     0 | D:1      | Reached XP level 1. HP: 19/19 MP: 1/1
    42 | D:1      | Found Batsaxko's General Store.
   230 | D:1      | Found a faded altar of an unknown god.
   271 | D:1      | Reached XP level 2. HP: 26/26 MP: 2/2
   663 | D:2      | Reached XP level 3. HP: 27/33 MP: 3/3
   851 | D:2      | Reached skill level 4 in Fighting
  1359 | D:3      | Reached XP level 4. HP: 35/40 MP: 4/4
  1475 | D:3      | Found a white marble altar of Elyvilon.
  1475 | D:3      | Noticed Grinder
  1493 | D:3      | Slain by Grinder

Illustrated notes

Levels and vault maps discovered:
D:1:      psy_arrival_dodecagon, layout_rooms, serial_shops,
          nicolae_shop_crystal, hellmonk_ecumenical_altar_zigzags
D:2:      layout_loops_ring
D:3:      minmay_wonky_spiral, layout_rooms, mainiacjoe_overflow_24_doors,
          chequers_temple_overflow_statue_of_worship, uniq_grinder

Skill      XL: |  1  2  3 |
---------------+----------+-----
Dodging        | 3 |  3.2
Fighting       | 4 |  4.2
Long Blades    | 3 |  3.1
Shields        | |  3.5

Action                   |  1- 3 |  4- 6 || total
-------------------------+-------+-------++-------
Melee: Long sword        |    77 |    20 ||    97
       Tailslap          |    12 |     2 ||    14
 Stab: Sleeping          |     1 |       ||     1
Armor: Skin              |    25 |     5 ||    30
Dodge: Dodged            |    39 |    11 ||    50
Block: Buckler           |    25 |     4 ||    29

Table legend: (Time is in decaauts)
 A = Elapsed time spent in this place.
 B = Non-inter-level travel time spent in this place.
 C = Inter-level travel time spent in this place.
 D = Time resting spent in this place.
 E = Time spent auto-exploring this place.
 F = Levels seen in this place.
 G = Mean time per level.
                   A        B        C        D        E       F      G
               +--------+--------+--------+--------+--------+-----+--------+
         Total |   1524 |   1448 |     76 |      0 |   1194 |   3 |  508.0 |
       Dungeon |   1524 |   1448 |     76 |      0 |   1194 |   3 |  508.0 |
               +--------+--------+--------+--------+--------+-----+--------+

Top non-repeatable levels by time:
     D:2: 875 daAuts
     D:1: 478 daAuts
     D:3: 170 daAuts
